Map: Apoteose ER

Players

Stalker

  • Race: Protoss Protoss
  • League: Diamond

CountDowN - Winner!

  • Race: Terran Terran
  • League: Diamond

VOD

Have the link to the VOD?

Description

Time

  • Played on: Sept. 17, 2016, 11:04 a.m.
  • Length: 10:55
Show
View Real Time Build Order
Export as new Build Order

Stalker Protoss 

Build Orders: Oracle Opening 

Get SALT Encoding   

  12  0:01  Probe (Chrono Boost)  
  13  0:11  Probe (Chrono Boost)  
  14  0:19  Pylon  
  14  0:22  Probe (Chrono Boost)  
  15  0:38  Probe (Chrono Boost)  
  15  0:39  Gateway  
  16  0:48  Probe (Chrono Boost)  
  16  0:49  Assimilator  
  17  0:59  Probe (Chrono Boost)  
  17  1:03  Assimilator  
  18  1:09  Probe (Chrono Boost)  
  19  1:20  Probe (Chrono Boost)  
  20  1:27  Cybernetics Core  
  20  1:30  Probe (Chrono Boost)  
  21  1:37  Pylon  
  21  1:39  Pylon  
  21  1:41  Probe (Chrono Boost)  
  22  1:51  Probe (Chrono Boost)  
  23  2:02  Probe (Chrono Boost)  
  23  2:07  Adept, Stargate  
  24  2:11  Warp Gate  
  24  2:14  Probe (Chrono Boost)  
  27  2:26  Probe (Chrono Boost)  
  27  2:42  Probe (Chrono Boost)  
  28  2:52  Oracle  
  28  2:53  Nexus  
  31  3:03  Adept  
  34  3:19  Mothership Core (Chrono Boost)  
  34  3:26  Pylon  
  34  3:30  Adept  
  36  3:39  Probe (Chrono Boost)  
  37  3:51  Probe (Chrono Boost)  
  38  4:02  Gateway  
  36  4:03  Probe (Chrono Boost)  
  36  4:06  Gateway, Probe (Chrono Boost)  
  37  4:15  Probe (Chrono Boost), Twilight Council  
  38  4:18  Probe (Chrono Boost)  
  38  4:21  Pylon  
  39  4:27  Probe (Chrono Boost)  
  39  4:30  Robotics Facility  
  40  4:36  Probe (Chrono Boost)  
  40  4:38  Probe (Chrono Boost)  
  42  4:41  Oracle  
  45  4:50  Probe x2 (Chrono Boost)  
  45  4:52  Resonating Glaives  
  47  4:56  Pylon  
  47  4:58  Sentry  
  49  5:01  Adept  
  49  5:05  Probe x2 (Chrono Boost)  
  53  5:16  Probe x2 (Chrono Boost)  
  53  5:20  Adept  
  49  5:29  Stalker x2  
  49  5:31  Pylon  
  53  5:43  Pylon  
  53  5:46  Stalker  
  53  5:47  Pylon  
  53  5:48  Probe x2 (Chrono Boost)  
  57  5:55  Gateway  
  57  5:57  Sentry  
  57  5:58  Adept  
  57  6:01  Probe x2 (Chrono Boost)  
  57  6:03  Assimilator  
  63  6:11  Assimilator  
  63  6:12  Probe x2 (Chrono Boost), Adept  
  63  6:13  Pylon  
  63  6:15  Phoenix  
  69  6:19  Adept  
  71  6:31  Probe x2 (Chrono Boost)  
  71  6:34  Adept x2  
  75  6:41  Probe x2 (Chrono Boost)  
  73  6:50  Stalker  
  73  6:53  Probe x2 (Chrono Boost)  
  77  6:54  Warp Prism  
  79  7:04  Probe x2 (Chrono Boost)  
  79  7:06  Sentry x2  
  85  7:09  Nexus  
  85  7:10  Phoenix, Pylon  
  81  7:17  Stalker  
  82  7:24  Probe x2 (Chrono Boost)  
  84  7:34  Probe (Chrono Boost)  
  84  7:35  Probe (Chrono Boost)  
  86  7:38  Blink  
  86  7:45  Probe x2 (Chrono Boost)  
  86  7:48  Adept  
  86  7:49  Adept x2  
  94  7:55  Probe (Chrono Boost)  
  94  7:56  Pylon  
  95  8:00  Forge  
  96  8:05  Gateway, Observer  
  96  8:06  Probe x2 (Chrono Boost)  
  98  8:13  Gateway  
  98  8:15  Adept  
  98  8:19  Probe x2 (Chrono Boost)  
  102  8:24  Assimilator  
  102  8:28  Probe (Chrono Boost), Assimilator  
  102  8:31  Immortal  
  107  8:34  Adept  
  107  8:50  Adept x2  
  107  8:51  Probe x2 (Chrono Boost)  
  107  8:53  Protoss Ground Weapons Level 1  
  104  9:04  Adept x2  
  98  9:14  Adept  
  98  9:15  Adept  
  92  9:20  Observer  
  87  9:25  Adept x2  
  87  9:27  Probe x2 (Chrono Boost)  
  85  9:33  Adept  
  81  9:40  Adept x2  
  81  9:43  Mothership Core (Chrono Boost), Phoenix  
  81  9:45  Pylon  
  87  9:50  Stalker x2  
  91  9:57  Adept  
  90  10:04  Stalker x2  
  90  10:07  Probe x2 (Chrono Boost)  
  96  10:08  Phoenix  
  93  10:20  Probe x2 (Chrono Boost)  
  99  10:25  Assimilator  
  93  10:28  Adept  
  93  10:29  Adept x4  
Show
View Real Time Build Order
Export as new Build Order

CountDowN Terran - Winner!

Build Orders: Liberator Opening, Reaper Expand, MMM Bio 

Get SALT Encoding   

  12  0:00  SCV  
  13  0:13  SCV  
  14  0:17  Supply Depot  
  14  0:25  SCV  
  15  0:39  SCV  
  15  0:41  Barracks  
  16  0:44  Refinery  
  16  0:52  SCV  
  17  1:04  SCV  
  18  1:16  SCV  
  19  1:28  Reaper  
  19  1:29  Orbital Command  
  20  1:41  Command Center  
  20  1:46  Refinery  
  20  1:53  Supply Depot  
  20  1:57  SCV  
  20  2:01  Barracks Reactor  
  21  2:09  SCV  
  22  2:17  Factory  
  22  2:21  SCV  
  23  2:33  SCV  
  24  2:40  Marine x2  
  26  2:45  SCV  
  27  2:54  Orbital Command  
  27  2:57  Engineering Bay  
  27  2:58  Marine x2  
  29  3:10  Factory Tech Lab  
  29  3:11  Starport  
  29  3:15  SCV  
  29  3:16  Marine x2  
  32  3:26  Missile Turret  
  32  3:27  Missile Turret  
  32  3:28  SCV  
  33  3:36  Liberator, Cyclone  
  33  3:49  SCV  
  35  4:01  SCV x2  
  36  4:07  Marine x2  
  38  4:11  Cyclone  
  42  4:22  SCV x2  
  44  4:27  Supply Depot  
  44  4:30  Marine x2  
  44  4:31  Liberator  
  46  4:35  Supply Depot  
  46  4:48  SCV x2  
  51  4:53  Factory Reactor  
  51  5:00  Stimpack  
  51  5:02  SCV x2  
  50  5:27  Marine  
  49  5:36  Starport Reactor  
  49  5:42  Command Center  
  49  5:46  Factory Reactor, Marine  
  50  5:50  Barracks  
  50  5:51  SCV x2  
  50  5:52  Barracks  
  50  5:53  Barracks  
  50  5:55  Barracks  
  52  6:10  Marine  
  53  6:12  SCV x2  
  53  6:14  Refinery  
  53  6:16  Refinery  
  53  6:17  Engineering Bay  
  55  6:24  SCV x2  
  53  6:36  Medivac x2, SCV x2  
  53  6:38  Marine  
  53  6:39  Marine x2  
  62  6:42  Factory Reactor  
  62  6:43  Barracks Tech Lab  
  57  6:53  Marine x2  
  55  6:54  Marine x2  
  55  6:56  Marine  
  55  6:57  Orbital Command  
  55  6:58  SCV x2  
  60  7:04  Combat Shields  
  60  7:06  Terran Infantry Weapons Level 1  
  60  7:12  Marauder, Marine x4  
  66  7:22  Terran Infantry Armor Level 1  
  66  7:23  SCV  
  66  7:29  Marine x3  
  67  7:30  Widow Mine x2  
  67  7:31  Marauder  
  67  7:32  SCV x2  
  72  7:38  Supply Depot  
  72  7:40  Supply Depot, Marine x3  
  75  7:44  Marauder  
  75  7:46  Concussive Shells  
  77  7:51  Missile Turret  
  77  7:55  Orbital Command  
  77  7:59  Medivac  
  77  8:00  SCV x2  
  81  8:07  Marine, Marauder  
  81  8:08  Marauder, Marine x3  
  81  8:12  Missile Turret, SCV x2  
  91  8:16  Supply Depot x3  
  91  8:21  SCV  
  91  8:24  SCV  
  93  8:37  Medivac x2, SCV, Marauder, Marine  
  93  8:40  Marine x3  
  93  8:41  Marine  
  96  8:51  Widow Mine x2, SCV x2  
  96  8:52  Marine  
  96  8:53  Marauder  
  96  8:55  Marine  
  102  8:58  Marine  
  91  9:10  Marauder, Marine x2  
  91  9:12  Marine x3  
  91  9:13  SCV x2  
  91  9:14  Marauder  
  91  9:42  Marauder, Marine x2  
  93  10:05  Marine  
  93  10:06  Marauder x2  
  96  10:08  Marine x5  
  97  10:19  SCV  
  93  10:23  Marine  
  93  10:24  Armory  
  93  10:26  Marine x2  
  93  10:27  Marauder  
Tags
 
Add a new tag
Caveats
  • Supply blocks, unpowered buildings, or Contaminate may cause inaccurate times.
  • Supply counts are checked every 10 seconds.